AoeStats
← [YOBA] ♂️CUM♂️BACK

Arabia

510167257Analyzed
1v1 RM · 2d ago on Sep 29, 2026· 57m 23s· 2 players
Game mode
Random Map
Map size
Tiny (2 player)
Population
200
Speed
Normal
Resources
Standard
Victory
Conquest
Starting age
Dark Age
Ending age
Imperial Age
RankedLock teamsTeams togetherTeam positionsShared explorationLock speedFull tech treeHidden civsTurbo modeCheats
Victory
Defeat
1337
+19
🇩🇪 Chinese · Germany
1398
-19
LuMa
0:38 Loom
10:19 Feudal Age
10:22 Man-at-Arms
10:53 Horse Collar
14:42 Double-Bit Axe
14:50 Fletching
20:38 Wheelbarrow
22:12 Castle Age
21:12 Scale Barding Armor
21:17 Forging
22:55 Wheelbarrow
23:11 Bow Saw
24:26 Chain Barding Armor
24:38 Bloodlines
24:31 Husbandry
26:24 Elite Skirmisher
28:00 Bodkin Arrow
33:08 Ballistics
35:23 Padded Archer Armor
36:18 Thumb Ring
39:37 Imperial Age
40:29 Bracer
39:51 Elite Chu Ko Nu
41:48 Chemistry
41:16 Bloodlines
41:40 Leather Archer Armor
40:57 Light Cavalry
42:19 Plate Barding Armor
44:34 Iron Casting
45:33 Conscription
[YOBA] ♂️CUM♂️BACK
0:42 Loom
9:47 Feudal Age
10:46 Double-Bit Axe
13:59 Horse Collar
13:52 Man-at-Arms
18:19 Padded Archer Armor
20:37 Stone Mining
25:00 Castle Age
25:26 Pikeman
26:48 Squires
27:52 Bow Saw
28:47 Scale Mail Armor
29:41 Wheelbarrow
30:48 Long Swordsman
31:53 Chain Mail Armor
31:43 Fletching
32:19 Gold Mining
34:46 Forging
35:35 Heavy Plow
40:26 Imperial Age
37:56 Town Watch
38:58 Anarchy
40:29 Elite Huskarl
41:53 Iron Casting
44:42 Blast Furnace
43:24 Two-Handed Swordsman
44:12 Halberdier
48:28 Capped Ram
50:29 Capped Ram
53:01 Conscription
53:50 Guilds
54:33 Bodkin Arrow
Connection lost

Rejoining the realm…

Still unreachable

The connection could not be restored.

Session expired

The server has moved on; the page needs a fresh start.